 Dungeon Crawl Stone Soup version 0.29.1-15-g9cfb28693d (webtiles) character file.

Game seed: 2493980265099325320

73759 octoduck the Markskobold (level 15, 0/86 HPs)
             Began as a Kobold Enchanter on Mar 9, 2023.
             Was a Follower of Uskayaw.
             Drowned by a drowned soul (11 damage)
             ... summoned by a merfolk avatar
             ... on level 1 of the Shoals on Mar 15, 2023.
             The game lasted 02:25:51 (38398 turns).

octoduck the Markskobold (Kobold Enchanter)        Turns: 38398, Time: 02:25:52

Health: 0/86       AC:  9    Str: 12    XL:     15   Next: 91%
Magic:  18/21      EV: 24    Int: 17    God:    Uskayaw [*.....]
Gold:   1009       SH:  0    Dex: 21    Spells: 0/18 levels left

rFire   . . .      SeeInvis .   a - +1 dagger (venom)
rCold   x . .      Faith    .   (no shield)
rNeg    . . .      Spirit   .   C - +2 robe {Will+}
rPois   +          Reflect  .   (no helmet)
rElec   .          Harm     .   n - +1 cloak
rCorr   +          Rampage  .   t - +1 pair of gloves
Will    ++...                   i - +0 pair of boots
Stlth   +++++++...              c - amulet of regeneration
HPRegen 1.04/turn               T - ring of the Good {rPois rC- rCorr Str+5 Slay+2}
MPRegen 0.17/turn               V - ring of flight

@: confusing by touch, flying, mesmerised
A: small, no large weapons, nightstalker 3
a: Renounce Religion, Stomp


You were on level 1 of the Shoals.
You worshipped Uskayaw.
Uskayaw was aware of your devotion.
You visited 5 branches of the dungeon, and saw 24 of its levels.
You also visited: Sewer and Bailey.

You collected 2629 gold pieces.
You spent 1620 gold pieces at shops.

Inventory:

Hand Weapons
 a - a +1 dagger of venom (weapon)
 b - the +6 arbalest "Damnation" {damnation}
   (You found it on level 2 of the Lair of Beasts)

   Any ammunition fired from it explodes in a burst of damnation on striking a
   foe, dealing damage which bypasses armour.
Missiles
 v - 2 atropa-tipped darts
 O - 2 curare-tipped darts
 P - 16 poisoned darts (quivered)
 U - 28 boomerangs
 X - 5 throwing nets
 Y - a boomerang of dispersal
Armour
 i - a +0 pair of boots (worn)
 n - a +1 cloak (worn)
 t - a +1 pair of gloves (worn)
 C - a +2 robe of willpower (worn)
Jewellery
 c - an amulet of regeneration (around neck)
 d - a +4 ring of evasion
 h - a ring of resist corrosion
 j - a +6 ring of dexterity
 o - a +6 ring of intelligence
 A - a ring of protection from fire
 K - a ring of poison resistance
 R - a ring of see invisible
 T - the ring of the Good (left hand) {rPois rC- rCorr Str+5 Slay+2}
   (You found it on level 9 of the Dungeon)

   [ring of resist corrosion]

   Str:       It affects your strength (+5).
   Slay:      It affects your accuracy & damage with ranged weapons and melee
   (+2).
   rC:        It makes you vulnerable to cold.
   rPois:     It protects you from poison.
   rCorr:     It protects you from acid and corrosion.
 V - a ring of flight (right hand)
Wands
 E - a wand of charming (6)
 F - a wand of flame (18)
 M - a wand of polymorph (9)
 Q - a wand of acid (9)
Scrolls
 f - a scroll of blinking
 k - 5 scrolls of enchant weapon
 s - a scroll of summoning
 u - a scroll of poison
 w - a scroll of amnesia
 y - 6 scrolls of vulnerability
 z - 8 scrolls of teleportation
 B - a scroll of enchant armour
 H - 4 scrolls of fog
 L - a scroll of torment
Potions
 e - a potion of heal wounds
 g - 7 potions of mutation
 l - 4 potions of haste
 m - 12 potions of curing
 p - 5 potions of flight
 q - 2 potions of might
 r - 8 potions of magic
 D - 5 potions of lignification
 G - 4 potions of brilliance
 J - 5 potions of attraction
 N - 2 potions of resistance
 W - a potion of ambrosia
 Z - a potion of cancellation


   Skills:
 - Level 7.5 Fighting
 - Level 10.0 Short Blades
 + Level 16.8 Ranged Weapons
 - Level 11.7 Dodging
 - Level 14.0 Stealth
 - Level 2.1 Spellcasting
 - Level 11.0 Hexes
 - Level 7.2 Transmutations
 - Level 3.7 Ice Magic
 + Level 7.9 Earth Magic
 - Level 8.0 Invocations


You couldn't memorise any spells.
You knew the following spells:

 Your Spells              Type           Power      Damage    Failure   Level
a - Ensorcelled Hibernat  Hex/Ice        52%        N/A       1%          2
b - Tukima's Dance        Hex            39%        N/A       1%          3
c - Confusing Touch       Hex            39%        N/A       1%          3
d - Passwall              Tmut/Erth      22%        N/A       1%          2
e - Leda's Liquefaction   Hex/Erth       17%        N/A       3%          4
f - Petrify               Tmut/Erth      27%        N/A       9%          4

Your spell library contained the following spells:

 Spells                   Type           Power      Damage    Failure   Level
 Sting                    Tmut/Pois      56%        1d5       4%          1
 Dazzling Flash           Conj/Hex       40%        N/A       6%          3
 Stone Arrow              Conj/Erth      30%        3d8       11%         3
 Apportation              Tloc           2%         N/A       19%         1
 Magic Dart               Conj           4%         1d3       19%         1
 Ice Form                 Ice/Tmut       20%        N/A       21%         4
 Lee's Rapid Deconstruct  Erth           14%        3d10*     21%         5
 Poisonous Vapours        Pois/Air       2%         N/A       28%         2
 Scorch                   Fire           2%         2d5       28%         2
 Searing Ray              Conj           2%         2d4       28%         2
 Static Discharge         Conj/Air       1%         3-4/arc   28%         2
 Sublimation of Blood     Necr           1%         N/A       28%         2
 Hailstorm                Conj/Ice       8%         3d4       65%         4
 Borgnjor's Vile Clutch   Necr/Erth      7%         N/A       71%         5
 Alistair's Intoxication  Tmut/Pois      9%         N/A       75%         5
 Irradiate                Conj/Tmut      7%         3d14      75%         5
 Statue Form              Tmut/Erth      18%        N/A       78%         6
 Animate Dead             Necr           1%         N/A       88%         4
 Flame Wave               Conj/Fire      1%         2d4       88%         4
 Olgreb's Toxic Radiance  Pois           1%         N/A       88%         4
 Summon Lightning Spire   Summ/Air       1%         N/A       88%         4
 Iskenderun's Battlesphe  Conj           1%         2d6       99%         5
 Lightning Bolt           Conj/Air       0%         1d11      99%         5
 Iron Shot                Conj/Erth      7%         9d2       99%         6
 Death Channel            Necr           0%         N/A       100%        6
 Summon Cactus Giant      Summ           0%         N/A       100%        6
 Spellforged Servitor     Conj/Summ      0%         N/A       100%        7
 Storm Form               Tmut/Air       7%         N/A       100%        7
 Maxwell's Capacitive Co  Air            0%         ∞         100%        8
 Necromutation            Tmut/Necr      7%         N/A       100%        8


Dungeon Overview and Level Annotations

Branches:
Dungeon (15/15)            Temple (1/1) D:4            Lair (5/5) D:9
 Shoals (1/4) Lair:2        Snake (0/4) Lair:2        Slime (0/5) Lair:4
    Orc (2/2) D:10            Elf (0/3) Orc:2        Vaults (0/5) D:14
 Depths (0/4) D:15          Sewer (visited)          Bailey (visited)

Altars:
Cheibriados
Dithmenos
Elyvilon
Fedhas
Kikubaaqudgha
Makhleb
Nemelex Xobeh
Okawaru
Qazlal
Ru
Sif Muna
Trog
Uskayaw
Vehumet
Wu Jian
Xom
Yredelemnul
Zin
The Shining One
Jiyva

Shops:
D:2 [   D:4 :   D:13 (   Orc:1 (   Orc:2 **=![

Portals:
Pandemonium: Orc:2
Trove: D:11 (give +5 demon trident)

Annotations:
D:5 Sigmund
D:9 exclusions: basilisk, cyclops, hydra and meliai, Maggie
D:14 exclusion: catoblepas, Rupert
D:15 2 transporters, Faitwer's ghost, journeyman OpTm
Lair:3 2 runed translucent doors, exclusion: oklob plant
Lair:4 3 runed translucent doors, 0gre's ghost, journeyman GnIE; Kyusiynim's ghost, journeyman GnEn


Innate Abilities, Weirdness & Mutations

You are small and have problems with some larger weapons.
You are completely attuned to the shadows.


Message History

Aiming: Ensorcelled Hibernation (safe; 1% risk of failure)
Press: ? - help, Shift-Dir - straight line, f - merfolk impaler, p - merfolk avatar
Aim: a merfolk impaler, wielding a +2 vampiric trident and wearing a +0 leather armour (chance to affect: 39%)
Okay, then.
Aiming: Corrosive Bolt
Press: ? - help, Shift-Dir - straight line, f/p - merfolk avatar
Aim: a merfolk avatar (almost dead, mesmerising, very poisoned, 64% to hit)
The bolt of acid misses the merfolk avatar.
The merfolk impaler hits you with a +2 vampiric trident!
* * * LOW HITPOINT WARNING * * *
The merfolk impaler completely misses you.
The merfolk avatar chants its luring song.
You feel much better.
The pull of its song draws you forwards.
The merfolk impaler barely misses you.
The merfolk avatar chants its luring song.
The merfolk impaler completely misses you.
You can no longer pass through a line of other dancers.
You feel much better. The merfolk impaler closely misses you.
The merfolk avatar chants its luring song.
Your +1 dagger of venom begins to drip with poison!
a - a +1 dagger of venom (weapon)
The merfolk impaler hits you with a +2 vampiric trident!
Casting: Ensorcelled Hibernation (safe; 1% risk of failure)
Confirm with . or Enter, or press ? or * to list all spells.
Your hands begin to glow red.
The drowned soul returns to the deep!
The merfolk impaler hits you with a +2 vampiric trident!
The merfolk avatar chants its luring song.
The drowned soul touches you. The drowned soul drowns you!
The merfolk impaler barely misses you.
You hear a shout!
You barely miss the merfolk avatar.
The merfolk avatar is almost dead.
The merfolk impaler hits you with a +2 vampiric trident!!
* * * LOW HITPOINT WARNING * * *
The merfolk avatar chants its luring song.
You barely miss the merfolk avatar.
The merfolk avatar is almost dead.
The drowned soul touches you. The drowned soul drowns you!
You die...

~~~~~~~..
~~~~~~.....
.~..~......
.........##
~~~~..~~.......
~~~~.......~...
≈≈~~~..##.......
≈≈≈~~m.##.....~.
≈≈~..@.##..##...
~~~.m.....## ...
~~~~......... .~
~.~~~..~......
~~~~~<...###..
~~~~....## #.
~~~~....#
~~~~†.....
~..~~.....


You could see a merfolk avatar (mesmerising, poisoned) and a merfolk impaler.

Vanquished Creatures
  A dire elephant (Lair:5)
  Harold (Orc:1)
  3 demonspawn (Orc:2)
  A centaur warrior (D:13)
  9 two-headed ogres
  A tengu warrior (D:12)
  A death yak (D:9)
  5 orc high priests (Orc:2)
  A sixfirhy (Orc:2)
  Amaemon (Lair:1)
  A skeletal warrior (D:14)
  Pikel (D:5)
  8 orc knights
  2 deep elf pyromancers (D:13)
  6 orc sorcerers (Orc:2)
  An ugly thing (D:13)
  6 cyclopes
  2 manticores (D:11)
  An elephant (D:9)
  A torpor snail (Lair:4)
  3 centaur skeletons (D:14)
  2 rust devils
  5 black mambas
  2 orange demons
  8 cane toads
  An unseen horror (D:11)
  A gargoyle (D:11)
  A kobold demonologist (D:9)
  6 komodo dragons
  5 rime drakes
  2 trolls
  21 blink frogs
  8 polar bears
  A meliai (D:13)
  5 hornets
  2 snapping turtles
  A dream sheep (Lair:5)
  A vampire (D:11)
  69 yaks
  4 shadows
  15 spriggans
  6 basilisks
  A wraith (D:14)
  Grum (Lair:1)
  5 wyverns
  A chaos spawn (Orc:2)
  3 vampire mosquitoes (D:13)
  Menkaure (D:5)
  2 wargs (Orc:2)
  4 acid dragons
  20 water moccasins
  Pargi (Sewer)
  50 orc warriors
  7 black bears
  An ice beast (D:6)
  2 sky beasts
  3 boggarts (Lair:5)
  9 ogres
  24 wolves
  3 centaurs
  A lemure (D:5)
  3 kobold brigands
  11 bullfrogs
  2 necrophages
  6 scorpions
  6 wights
  5 killer bees
  2 electric eels
  A jelly (D:5)
  3 hounds
  27 orc priests
  Crazy Yiuf (D:3)
  A gnoll bouda (D:8)
  Ijyb (D:5)
  16 orc wizards
  3 iguanas
  6 hell rats (Lair:1)
  A boggart skeleton (D:14)
  A gnoll (Bailey)
  11 adders
  4 shadow imps
  2 white imps
  A dart slug (D:3)
  77 orcs
  8 endoplasms
  6 giant cockroaches
  13 goblins
  4 hobgoblins
  5 quokkas
  3 training dummies (Orc:1)
  7 ball pythons
  4 bats
  5 frilled lizards
  30 kobolds
  8 rats
645 creatures vanquished.

Vanquished Creatures (collateral kills)
  3 orc wizards (D:6)
  A gnoll (Bailey)
  5 orcs
  4 kobolds (D:8)
13 creatures vanquished.

Vanquished Creatures (others)
  An orc sorcerer (Orc:2)
  4 bushes
  45 fungi
  81 plants
  A withered plant (D:15)
132 creatures vanquished.

Grand Total: 790 creatures vanquished

Notes
Turn   | Place    | Note
-------+----------+-------------------------------------------
     0 | D:1      | octoduck the Kobold Enchanter began the quest for the Orb.
     0 | D:1      | Reached XP level 1. HP: 10/10 MP: 3/3
   699 | D:1      | Reached XP level 2. HP: 5/15 MP: 5/5
   884 | D:1      | Learned a level 2 spell: Ensorcelled Hibernation
  1450 | D:2      | Found a faded altar of an unknown god.
  1742 | D:2      | Found Bugaoruwn's Antique Armour Boutique.
  1824 | D:2      | Reached skill level 1 in Ice Magic
  1984 | D:2      | Reached XP level 3. HP: 19/19 MP: 6/6
  2319 | D:2      | Reached XP level 4. HP: 24/24 MP: 7/7
  2746 | D:2      | Reached skill level 5 in Stealth
  3310 | D:3      | Found a runed translucent door.
  3313 | D:3      | Noticed Crazy Yiuf
  3670 | D:3      | Found a burning altar of Makhleb.
  3670 | D:3      | Found an ancient bone altar of Kikubaaqudgha.
  3672 | D:3      | Found a basalt altar of Yredelemnul.
  3673 | D:3      | Found a snail-covered altar of Cheibriados.
  3673 | D:3      | Found a white marble altar of Elyvilon.
  3788 | D:3      | Reached XP level 5. HP: 26/28 MP: 8/8
  4237 | D:3      | Killed Crazy Yiuf
  4339 | D:4      | Found a staircase to the Ecumenical Temple.
  4345 | Temple   | Entered the Ecumenical Temple
  4398 | Temple   | Became a worshipper of Uskayaw the Reveller
  4442 | D:4      | Found a glowing drain.
  4445 | D:4      | Reached * piety under Uskayaw
  4480 | D:4      | Found Rirorroig's Tremendous Tomes.
  4509 | Sewer    | Entered a sewer
  4561 | Sewer    | Noticed Pargi
  4569 | Sewer    | Killed Pargi
  4569 | Sewer    | Reached ** piety under Uskayaw
  4570 | Sewer    | Reached XP level 6. HP: 31/32 MP: 7/9
  4953 | D:4      | Noticed an ogre
  5091 | D:4      | Reached XP level 7. HP: 36/36 MP: 10/10
  5120 | D:4      | Reached skill level 5 in Hexes
  5143 | D:4      | Learned a level 3 spell: Tukima's Dance
  5462 | D:4      | Learned a level 3 spell: Confusing Touch
  5513 | D:5      | Entered Level 5 of the Dungeon
  5524 | D:5      | Noticed Pikel
  5671 | D:5      | Killed Pikel
  5672 | D:5      | Reached XP level 8. HP: 41/41 MP: 11/11
  6006 | D:5      | Noticed Sigmund
  6075 | D:5      | Found an iron altar of Okawaru.
  6163 | D:5      | Reached skill level 10 in Stealth
  6210 | D:5      | Reached XP level 9. HP: 45/45 MP: 12/12
  6277 | D:5      | Noticed Menkaure
  6281 | D:5      | Killed Menkaure
  6671 | D:5      | Noticed Ijyb
  6675 | D:5      | Killed Ijyb
  6825 | D:6      | Got the Secrets of the Lethal Snowflakes
  7737 | D:6      | Found a shimmering blue altar of Sif Muna.
  7858 | D:6      | Found a glowing silver altar of Zin.
  8008 | D:6      | Found a shadowy altar of Dithmenos.
  8341 | D:7      | Reached skill level 1 in Invocations
  8358 | D:7      | Identified the +5 giant spiked club "Muatoem" {vorpal,
                  | rCorr}
  8366 | D:7      | Reached XP level 10. HP: 50/50 MP: 2/13
  9578 | D:8      | Found a sparkling altar of Nemelex Xobeh.
  9691 | D:8      | Reached skill level 5 in Invocations
 10361 | D:8      | Reached skill level 5 in Short Blades
 10777 | D:9      | Noticed a kobold demonologist
 10830 | D:9      | Noticed a five-headed hydra
 10962 | D:9      | Killed a kobold demonologist
 10968 | D:9      | Reached *** piety under Uskayaw
 10970 | D:9      | Reached XP level 11. HP: 39/54 MP: 2/16
 11499 | D:9      | Identified the ring of the Good {rPois rC- rCorr Str+5
                  | Slay+2}
 11539 | D:9      | HP: 1/54 [orc priest/nerve-wracking pain (14)]
 11745 | D:9      | Noticed a cyclops
 11747 | D:9      | Noticed Maggie
 11763 | D:9      | Noticed an elephant
 11957 | D:9      | Noticed a death yak
 12166 | D:9      | Found a staircase to the Lair.
 12197 | D:10     | Entered Level 10 of the Dungeon
 12406 | D:10     | Noticed a two-headed ogre
 12581 | D:10     | Found a flagged portal.
 12593 | Bailey   | Entered a bailey
 12727 | Bailey   | Reached skill level 5 in Dodging
 12875 | Bailey   | Identified the +1 great sword of Wrath {vorpal, rF++ rCorr}
 13237 | D:10     | Killed a two-headed ogre
 13378 | D:10     | Found a staircase to the Orcish Mines.
 13806 | D:10     | Reached **** piety under Uskayaw
 14306 | D:9      | Killed a death yak
 14642 | D:9      | Killed an elephant
 14941 | D:11     | Found a portal to a secret trove of treasure.
 15053 | Lair:1   | Entered Level 1 of the Lair of Beasts
 15136 | Lair:1   | Noticed Amaemon
 15404 | D:4      | Bought the Vademecum on Reshaped Conflict for 1008 gold
                  | pieces
 15407 | D:4      | Learned a level 2 spell: Passwall
 15563 | Lair:1   | Reached skill level 10 in Short Blades
 15702 | Lair:1   | Reached XP level 12. HP: 47/59 MP: 4/18
 15705 | Lair:1   | Reached skill level 1 in Transmutations
 15705 | Lair:1   | Reached skill level 1 in Earth Magic
 15721 | Lair:1   | Reached ***** piety under Uskayaw
 15859 | Lair:1   | Noticed Grum
 16687 | Lair:1   | You fall into a shaft and drop 1 floor!
 17070 | Lair:1   | Killed Amaemon
 17325 | Lair:2   | Found the +6 arbalest "Damnation" {damnation}
 17456 | Lair:2   | Reached skill level 10 in Dodging
 17736 | Lair:2   | Reached skill level 5 in Earth Magic
 17744 | Lair:2   | Reached skill level 5 in Transmutations
 17874 | Lair:2   | Found a staircase to the Snake Pit.
 17960 | Lair:2   | Found the +14 obsidian axe {vorpal, Mesm Drain Fly SInv}
 18385 | Lair:2   | Reached XP level 13. HP: 63/63 MP: 19/19
 18662 | Lair:2   | Found a staircase to the Shoals.
 18928 | Lair:3   | Reached skill level 1 in Ranged Weapons
 18986 | Lair:3   | Reached skill level 1 in Fighting
 18986 | Lair:3   | Reached skill level 2 in Ranged Weapons
 19010 | Lair:3   | Reached skill level 3 in Ranged Weapons
 19017 | Lair:3   | Reached skill level 4 in Ranged Weapons
 19094 | Lair:3   | Reached skill level 5 in Ranged Weapons
 19416 | Lair:3   | Reached skill level 6 in Ranged Weapons
 19525 | Lair:3   | Found a blossoming altar of Fedhas.
 19572 | Lair:3   | Reached skill level 7 in Ranged Weapons
 19640 | Lair:3   | Found a large runed translucent door.
 19641 | Lair:3   | Found a large runed translucent door.
 20060 | Lair:4   | Found a viscous altar of Jiyva.
 20061 | Lair:4   | Found a staircase to the Slime Pits.
 20151 | Lair:4   | Found a runed translucent gate.
 20157 | Lair:4   | Found a runed translucent gate.
 20157 | Lair:4   | Found a runed translucent gate.
 20213 | Lair:4   | Reached skill level 8 in Ranged Weapons
 20872 | Lair:4   | Reached skill level 5 in Fighting
 21087 | Lair:4   | Reached skill level 9 in Ranged Weapons
 21384 | Lair:4   | Noticed 0gre's ghost (journeyman GnIE)
 21384 | Lair:4   | Noticed Kyusiynim's ghost (journeyman GnEn)
 21397 | Lair:5   | Entered Level 5 of the Lair of Beasts
 21467 | Lair:5   | Noticed a dire elephant
 21472 | Lair:5   | Killed a dire elephant
 21473 | Lair:5   | Reached skill level 10 in Ranged Weapons
 21670 | Lair:5   | Reached XP level 14. HP: 80/80 MP: 20/20
 21924 | Lair:1   | Killed Grum
 21927 | Lair:1   | Reached skill level 11 in Ranged Weapons
 22649 | Lair:5   | Reached skill level 12 in Ranged Weapons
 23335 | Lair:5   | Identified the +1 ring mail of the Robin {rF+ Int-5 Dex+4}
 23852 | Lair:4   | Reached skill level 13 in Ranged Weapons
 25297 | Orc:1    | Entered Level 1 of the Orcish Mines
 25674 | Orc:1    | Found Tamponuh's Firing Range.
 25678 | Orc:1    | Noticed Harold
 25682 | Orc:1    | Killed Harold
 25923 | Orc:2    | Entered Level 2 of the Orcish Mines
 26651 | Orc:2    | Found Myiny's General Store.
 26656 | Orc:2    | Bought a scroll of identify for 30 gold pieces
 26656 | Orc:2    | Bought a scroll of identify for 30 gold pieces
 26718 | Orc:2    | Found a staircase to the Elven Halls.
 27160 | Orc:2    | Reached skill level 14 in Ranged Weapons
 28407 | Orc:2    | Learned a level 4 spell: Leda's Liquefaction
 29537 | Orc:2    | Found Nucs's General Store.
 29539 | Orc:2    | Found Qunuh's Distillery.
 29542 | Orc:2    | Bought a scroll of identify for 22 gold pieces
 30153 | Orc:2    | Reached skill level 10 in Hexes
 30183 | Orc:2    | Reached XP level 15. HP: 86/86 MP: 21/21
 30572 | Orc:2    | Reached skill level 15 in Ranged Weapons
 30942 | Orc:2    | Found Tis Elir's Antique Armour Shop.
 30942 | Orc:2    | Found Cakkaal's Jewellery Boutique.
 30943 | Orc:2    | Found a one-way gate leading to the halls of Pandemonium.
 31037 | Orc:2    | Learned a level 4 spell: Petrify
 31211 | Orc:2    | Bought a potion of haste for 170 gold pieces
 31240 | Orc:2    | Bought an amulet of regeneration for 360 gold pieces
 32186 | D:11     | Identified the +10 rapier "Ucijizub" {freeze, *Noise +Blink
                  | rPois SInv}
 33973 | D:12     | Reached skill level 16 in Ranged Weapons
 35223 | D:13     | Found Vasipav's Weapon Boutique.
 36054 | D:13     | You fall into a shaft and drop 2 floors!
 36054 | D:15     | Entered Level 15 of the Dungeon
 36056 | D:15     | Found a transporter.
 36059 | D:15     | Found a transporter.
 36059 | D:15     | Noticed Faitwer's ghost (journeyman OpTm)
 36165 | D:14     | Noticed Rupert
 36536 | D:14     | Found a gate to the Vaults.
 37915 | Shoals:1 | Entered Level 1 of the Shoals
 38392 | Shoals:1 | HP: 4/86 [merfolk impaler/+2 vampiric trident (12)]
 38398 | Shoals:1 | Drowned by a drowned soul

Illustrated notes

Levels and vault maps discovered:
D:1:      minmay_arrival_semitransparent, layout_basic
D:2:      layout_loops_ring, ebering_ecumenical_altar_abandoned, serial_shops,
          nicolae_shop_behind_doors, minmay_misc_feat_rugged
D:3:      layout_loops_ring, grunt_temple_overflow_open,
          chequers_serial_rivers_large_b, minmay_misc_feat_four_crosses,
          st_stairs_12, kennysheep_flooded_box, kennysheep_generic_room_6,
          uniq_crazy_yiuf_cottage
D:4:      layout_basic, minmay_temple_entry_grid, cheibrodos_sewer_entry_drain,
          nicolae_shop_i_like_big_books
D:5:      layout_basic, mainiacjoe_overflow_six_doors_small, uniq_menkaure,
          uniq_ijyb, uniq_pikel, uniq_sigmund
D:6:      layout_cave_pools, kennysheep_orc_sif_temple, grunt_dithmenos_smoke,
          kennysheep_mini, serial_column_ruins, column_ruins_hut_ruined,
          column_ruins_hut_ruined, column_ruins_columns_dead_end,
          column_ruins_open_small, column_ruins_open_small_water,
          column_ruins_open_tiny
D:7:      layout_basic
D:8:      kennysheep_spiral_hall, layout_gridville,
          nemelex_diamond_rough_becter, kennysheep_generic_room_3
D:9:      layout_roguey, david_lair_generic, corner_web_ring, minivault_28,
          uniq_maggie
D:10:     cheibrodos_iron_armory, layout_basic, david_orc_3, enter_bailey_3,
          kennysheep_cluttered_room
D:11:     layout_layer_cave, enter_trove_1, st_stairs_4
D:12:     layout_roguey, lemuel_nasty_fountain
D:13:     layout_gridville, nicolae_stop_n_shop_2
D:14:     layout_loops_ring, hangedman_vaults_entry_quadrant_bands,
          minmay_misc_feat_tower, special_room [special_room_bee],
          disabler_island, uniq_kirke, uniq_rupert
D:15:     gammafunk_depths_entry_grave, layout_layer_cave,
          gammafunk_ghost_mausoleum
Temple:   minmay_temple_bridge_abc
Lair:1:   layout_cave_pods, uniq_amaemon, uniq_grum
Lair:2:   layout_regular_city, minmay_shoals_entry_hut,
          minmay_snake_entry_six_corridors, dreamdust_deal_with_the_devil
Lair:3:   layout_chaotic_city, ebering_ghost_disaster_area, tgw_fedhas,
          grunt_megastairs_3
Lair:4:   layout_layer_cave, slime_entry_1, gammafunk_ghost_cemetery
Lair:5:   minmay_lair_end_enchanted_forest, layout_loops_ring,
          serial_bayou_pond_c
Shoals:1: layout_shoals, nicolae_shoals_abyss_on_the_beach
Orc:1:    layout_diamond_mine, nicolae_shop_firing_range, uniq_harold
Orc:2:    pf_orc_diabolical, layout_diamond_mine, serial_shops,
          nicolae_shop_trees, abandoned_shop, mines1_david

Skill      XL: |  1  2  3  4  5  6  7  8  9 10 11 12 13 14 15 |
---------------+----------------------------------------------+-----
Ice Magic      | 1 2 3 |  3.7
Stealth        | 5 6 9 10 12 14 | 14.0
Hexes          | 4 6 7 9 10 11 | 11.0
Invocations    | 2 7 8 |  8.0
Short Blades   | 5 10 | 10.0
Dodging        | 3 8 10 11 | 11.7
Transmutations | 5 7 |  7.2
Earth Magic    | 5 7 |  7.9
Ranged Weapons | 10 14 16 | 16.8
Fighting       | 6 7 |  7.5
Spellcasting   | |  2.1

Action                   |  1- 3 |  4- 6 |  7- 9 | 10-12 | 13-15 || total
-------------------------+-------+-------+-------+-------+-------++-------
Melee: Dagger            |    36 |    56 |   113 |   517 |   927 ||  1649
       Punch             |     2 |       |     2 |     6 |    16 ||    26
 Fire: Arbalest          |       |       |       |       |   114 ||   114
 Cast: Ensorcelled Hiber |     8 |    36 |    43 |   135 |   175 ||   397
       Confusing Touch   |       |       |     5 |    25 |    96 ||   126
       Tukima's Dance    |       |       |     5 |     7 |     2 ||    14
       Passwall          |       |       |       |     3 |     4 ||     7
       Leda's Liquefacti |       |       |       |       |     5 ||     5
       Petrify           |       |       |       |       |     2 ||     2
Invok: Line Pass         |       |       |       |     1 |       ||     1
Evoke: Wand              |       |       |     3 |     1 |    15 ||    19
  Use: Scroll            |     4 |     4 |     2 |    15 |    12 ||    37
       Potion            |       |       |       |     5 |     8 ||    13
 Stab: Sleeping          |    23 |    44 |    46 |   101 |   142 ||   356
       Confused          |       |       |     2 |    24 |    78 ||   104
       Invisible         |       |       |       |     2 |       ||     2
       Paralysed         |       |       |       |     9 |    16 ||    25
       Distracted        |       |       |       |     1 |     3 ||     4
       Petrified         |       |       |       |       |     2 ||     2
       Petrifying        |       |       |       |       |     1 ||     1
Armor: Robe              |     4 |     6 |       |       |     3 ||    13
       Troll leather arm |       |     2 |    35 |    97 |   143 ||   277
Dodge: Dodged            |     3 |    36 |    54 |   371 |   745 ||  1209
